 BcadrenCrawl: Boulder Brew version 0.05.31-16-g17090fb0d7 (webtiles) character file.

Game seed: 17106885922539597988, levelgen mode: deterministic

135 diana the Insei (level 4, 0/33 HPs) Oozomorph Monk. Began on Sept 28, 2021. Slain by a sewer rat (5 damage) ... on level 2 of the Dungeon. The game lasted 00:02:15 (1026 turns).

diana the Insei (Oozomorph Monk)                    Turns: 1026, Time: 00:02:15

Health: 0/33       AC:  3    Str: 11    XL:     4 ^: 3
Magic:  4/4        EV: 13    Int: 10    God:
Gold:   47         SH:  0    Dex: 17    Spells: 3/3 levels left

rFire    . . .     Vision   .     - Unarmed
rCold    . . .     Gourm    .     - Unarmed
rNeg     . . .     Faith    .   a - +0 robe
rCorr    + + +     Spirit   .   e - +0 helmet
rPois    .         Reflect  .   (no armour)
rElec    .         Harm     .   (no armour)
MR       .....                  (no armour)
Stlth    ++........             (no armour)
HPRegen  0.21/turn              (nothing subsumed)
MPRegen  0.14/turn              (no amulet)
                                (no ring)
                                (no ring)

@: no status effects
A: cytoplasmic subsumption, amorphous body, gelatinous body 1
a: Subsume Item


You were on level 2 of the Dungeon.
You were very hungry.

You visited 1 branch of the dungeon, and saw 2 of its levels.

You collected 47 gold pieces.

Inventory:

Armour
 a - a +0 robe (worn)
 e - a +0 helmet (worn)
Jewellery
 d - an uncursed ring of positive energy
Potions
 c - a potion of haste
 f - a potion of amnesia
Comestibles
 b - 4 rations


   Skills:
 + Level 4.0 Fighting
 + Level 1.6 Armour
 + Level 3.0 Dodging
 - Level 2.4 Stealth
 * Level 4.2 Unarmed Combat


You had 3 spell levels left.
You didn't know any spells.
Your spell library was empty.

Dungeon Overview and Level Annotations

Branches:
Dungeon (2/8)

Altars:


Innate Abilities, Weirdness & Mutations

You may subsume any weapon, armour, or jewellery into your cytoplasm to benefit from its magical properties.
Your body is completely amorphous, allowing you to wear any combination of armour.
You have seven amorphous slots; replacing the normal gear slots.
Body armours and bardings take two slots, all other armours take one.
Your gelatinous form is immune to acid, constriction and sticky flames. (rCorr+, Slime)


Message History

The sewer rat is lightly wounded. (9/11) HP The sewer rat closely misses you (0).
You hear a splash.
The sewer rat bites you (1).
* * * LOW HITPOINT WARNING * * *
You hit the sewer rat but do no damage. The sewer rat blocks your attack.
The sewer rat is lightly wounded. (9/11) HP The sewer rat closely misses you (0).
You hit the sewer rat (1). You barely miss the sewer rat.
The sewer rat is moderately wounded. (8/11) HP The sewer rat barely misses you (0).
The sewer rat closely misses you (0).
You hit the sewer rat but do no damage. x2
The sewer rat is moderately wounded. (8/11) HP The sewer rat bites you (1).
* * * LOW HITPOINT WARNING * * *
You hit the sewer rat but do no damage. x2
The sewer rat is moderately wounded. (8/11) HP You are feeling very hungry.
The sewer rat bites you (5).
You die...

≈≈PP≈≈≈≈≈≈≈≈≈≈≈≈≈.##
≈.≈PPP≈≈≈≈≈≈≈≈≈≈≈.##
..≈PP≈≈≈≈≈≈≈....≈##
≈###..≈#### #..##
###≈.≈# ##≈..≈##
#≈.r### ##.r@#
#.≈r## #≈≈##
####.≈## ###
#..#.≈≈# #≈#
###r.r.≈##
.#≈######.≈..≈..#
r†≈.##..#.r.#≈###
.##..r≈≈.≈#####


You could see 3 sewer rats.

Vanquished Creatures
  4 giant cockroaches
  An adder (D:2)
  3 sewer rats (D:2)
  A cinder newt (D:1)
  A worm (D:2)
  A dart slug (D:1)
  4 leopard geckos
  A ball python (D:1)
  A goblin (D:1)
  4 hobgoblins (D:1)
  2 bats (D:1)
  A kobold (D:1)
  5 rats (D:1)
  3 jellyfish (D:1)
32 creatures vanquished.

Vanquished Creatures (others)
  4 kobolds (D:2)
  52 withered plants (D:2)
56 creatures vanquished.

Grand Total: 88 creatures vanquished

Notes
Turn   | Place    | Note
-------+----------+-------------------------------------------
     0 | D:1      | diana the Oozomorph Monk began the quest for the Orb.
     0 | D:1      | Reached XP level 1. HP: 16/16 MP: 1/1
    66 | D:1      | Reached XP level 2. HP: 18/21 MP: 2/2
   364 | D:1      | Reached skill level 1 in Armour
   364 | D:1      | Reached XP level 3. HP: 27/27 MP: 3/3
   782 | D:2      | Reached XP level 4. HP: 33/33 MP: 4/4
  1026 | D:2      | Slain by a sewer rat

Levels and vault maps discovered:
D:1:      nicolae_arrival_washed_ashore, layout_basic
D:2:      layout_sewer, grunt_gozag_breadcrumbs, first_ration,
          kennysheep_generic_room_15

Skill      XL: |  1  2  3  4 |
---------------+-------------+-----
Armour         | 1 |  1.6
Unarmed Combat | 4 |  4.2
Fighting       | 4 |  4.0
Dodging        | 3 |  3.0
Stealth        | |  2.4

Action                   |  1- 3 |  4- 6 || total
-------------------------+-------+-------++-------
Melee: Unarmed           |   191 |   102 ||   293
 Stab: Sleeping          |     5 |     1 ||     6
Armor: Skin              |     9 |     5 ||    14
Dodge: Dodged            |    44 |    31 ||    75
